 Dungeon Crawl Stone Soup version 0.23.0-3-gf3c87f2 (webtiles) character file.

Game seed: 613801317245447604

35 Kairos the Skirmisher (level 3, 18/30 HPs)
             Began as a Formicid Abyssal Knight on Feb 24, 2019.
             Was a Follower of Lugonu.
             Quit the game on level 1 of the Dungeon.
             The game lasted 00:01:37 (514 turns).

Kairos the Skirmisher (Formicid Abyssal Knight)      Turns: 514, Time: 00:01:38

Health: 18/30      AC:  4    Str: 17    XL:     3   Next: 52%
Magic:  5/5        EV: 11    Int: 11    God:    Lugonu [*.....]
Gold:   19         SH:  0    Dex: 10    Spells: 2/2 levels left

rFire    . . .     SeeInvis +   a - +1 hand axe
rCold    + . .     Gourm    .   (no shield)
rNeg     . . .     Faith    .   d - +1 leather armour {rC+}
rPois    .         Spirit   .   (helmet unavailable)
rElec    .         Reflect  .   (no cloak)
rCorr    .         Harm     .   (no gloves)
MR       .....                  (no boots)
Stlth    +.........             (no amulet)
HPRegen  0.10/turn              i - ring of teleportation (curse)
MPRegen  0.09/turn              (no ring)

@: no status effects
A: permanent stasis, dig shafts and tunnels, four strong arms, antennae 3
a: Dig, Shaft Self, Depart the Abyss, Renounce Religion


You were on level 1 of the Dungeon.
You worshipped Lugonu.
Lugonu was aware of your devotion.
You were not hungry.

You visited 1 branch of the dungeon, and saw 1 of its levels.
You visited the Abyss 1 time.

You collected 19 gold pieces.

Inventory:

Hand Weapons
 a - a +1 hand axe (weapon)
Missiles
 h - 5 javelins (quivered)
Armour
 b - a +0 leather armour
 d - a +1 leather armour of cold resistance (worn)
Jewellery
 i - a cursed ring of teleportation (left hand)
Scrolls
 e - 2 scrolls of remove curse {unknown}
 f - a scroll of identify {unknown}
 g - 2 scrolls of teleportation {unknown}
Comestibles
 c - 3 rations


   Skills:
 + Level 4.1 Fighting
 + Level 2.3 Axes
 + Level 2.1 Armour
 + Level 1.2 Dodging
 + Level 2.8 Invocations


You had 2 spell levels left.
You didn't know any spells.
Your spell library was empty.

Dungeon Overview and Level Annotations

Branches:
Dungeon (1/15)

Altars:


Innate Abilities, Weirdness & Mutations

You cannot be hasted, slowed, berserked, paralysed or teleported.
You can dig through walls and to a lower floor.
Your four strong arms can wield two-handed weapons with a shield.
You have a pair of large antennae on your head. (SInv)


Message History

A kobold is nearby!
You closely miss the kobold.
The kobold hits you with a +0 short sword.
A kobold is nearby!
You slash the kobold!
You kill the kobold!
Lugonu accepts your kill.
Things that are here:
a +0 short sword; a kobold corpse No target in view!
A leopard gecko comes into view.
A leopard gecko is nearby!
A leopard gecko is nearby!
A leopard gecko is nearby!
You hit the leopard gecko.
You kill the leopard gecko!
Lugonu accepts your kill.
No target in view!
No target in view!
Are you sure you want to abandon this character and quit the game? (Confirm with "yes".)

#........#
#########.######.#
..........# #.#
..........# #.#
..........# #.#
..........# #.#
.....>....# #.#
.).##+#+#.# #.#
........#.# #@#
....#...#.# #†#
....#...#)# #.#
....#...#.# #.#
...##...#.# #.#
........#.# #.#
####....#(# #.#
####....#(######.#
........#......#


There were no monsters in sight!

Vanquished Creatures
  3 dart slugs (D:1)
  3 leopard geckos (D:1)
  A goblin (D:1)
  3 hobgoblins (D:1)
  7 kobolds (D:1)
  A ball python (D:1)
  5 bats (D:1)
  2 rats (D:1)
25 creatures vanquished.

Vanquished Creatures (others)
  A plant (D:1)
1 creature vanquished.

Grand Total: 26 creatures vanquished

Notes
Turn   | Place    | Note
-------+----------+-------------------------------------------
     0 | Abyss:1  | Kairos the Formicid Abyssal Knight began the quest for the
                  | Orb.
     0 | Abyss:1  | Reached XP level 1. HP: 18/18 MP: 2/2
    45 | Abyss:1  | Noticed a tentacled starspawn
    49 | Abyss:1  | Noticed an orange demon
    54 | Abyss:1  | Noticed a large abomination
    66 | D:1      | Escaped the Abyss
   113 | D:1      | Reached * piety under Lugonu
   115 | D:1      | Reached XP level 2. HP: 16/24 MP: 3/3
   115 | D:1      | Reached skill level 1 in Dodging
   257 | D:1      | Reached XP level 3. HP: 22/30 MP: 5/5
   409 | D:1      | Reached skill level 4 in Fighting
   514 | D:1      | Quit the game

Skill      XL: |  1  2  3 |
---------------+----------+-----
Dodging        | 1 |  1.2
Fighting       | 4 |  4.1
Axes           | |  2.3
Armour         | |  2.1
Invocations    | |  2.8

Action                   || total
-------------------------++-------
Melee: Hand axe          ||    47
Invok: Depart the Abyss  ||     1
Armor: Leather armour    ||    19
Dodge: Dodged            ||    37
